 Dungeon Crawl Stone Soup version 0.21.1-1-g345015f (webtiles) character file.

48 kae the Insei (level 3, 0/28 HPs)
             Began as a Draconian Transmuter on June 6, 2018.
             Slain by an orc wizard
             ... wielding a +0 dagger
              (2 damage)
             ... on level 3 of the Dungeon.
             The game lasted 00:00:57 (1678 turns).

kae the Insei (Draconian Transmuter)                Turns: 1678, Time: 00:00:58

Health: 0/28       AC:  5    Str: 17    XL:     3   Next: 50%
Magic:  6/6        EV: 12    Int: 13    God:
Gold:   92         SH:  0    Dex: 12    Spells: 5/6 levels left

rFire    . . .     SeeInvis .     - Unarmed
rCold    . . .     Gourm    .   (no shield)
rNeg     . . .     Faith    .   (armour unavailable)
rPois    .         Spirit   .   (helmet restricted)
rElec    .         Reflect  .   (no cloak)
rCorr    .         Harm     .   (no gloves)
MR       .....                  (no boots)
Stlth    +.........             (no amulet)
HPRegen  0.09/turn              (no ring)
MPRegen  0.10/turn              (no ring)

@: mighty
A: unfitting armour, cold-blooded, AC +5
a: no special abilities


You were on level 3 of the Dungeon.
You were hungry.

You visited 1 branch of the dungeon, and saw 3 of its levels.

You collected 92 gold pieces.

Inventory:

Missiles
 a - 30 arrows
Jewellery
 e - a +2 ring of protection {unknown}
 j - an uncursed ring of wizardry {unknown}
Wands
 l - a wand of enslavement (10)
 p - a wand of random effects (18)
Scrolls
 f - 3 scrolls of teleportation {unknown}
 g - a scroll of enchant weapon {unknown}
 q - a scroll of fear {unknown}
 r - a scroll of immolation {unknown}
 s - a scroll of magic mapping {unknown}
Potions
 h - a potion of magic {unknown}
 i - a potion of ambrosia {unknown}
 k - a potion of berserk rage {unknown}
 m - a potion of heal wounds {unknown}
 n - 2 potions of degeneration {unknown}
 o - 2 potions of lignification {unknown}
Books
 b - a book of Changes

   Spells                             Type                      Level
   a - Beastly Appendage              Transmutation                1
   b - Sticks to Snakes               Transmutation                2
   c - Spider Form                    Transmutation/Poison         3
   d - Ice Form                       Ice/Transmutation            4
   e - Blade Hands                    Transmutation                5
Comestibles
 c - 8 rations


   Skills:
 + Level 1.4 Fighting
 + Level 2.1 Dodging
 * Level 3.5 Unarmed Combat
 + Level 2.3 Spellcasting
 * Level 2.8 Transmutations


You had 5 spell levels left.
You knew the following spells:

 Your Spells              Type           Power        Failure   Level  Hunger
a - Beastly Appendage     Tmut           #.....       8%          1    #......


Dungeon Overview and Level Annotations

Branches:
Dungeon (3/15)

Altars:
Xom


Innate Abilities, Weirdness & Mutations

Your plain brown scales are hard. (AC +5)
You cannot fit into any form of body armour.
You are cold-blooded and may be slowed by cold attacks.


Message History

An orc comes into view. It is wielding a hand axe of freezing.
The orc shouts!
You hit the orc.
The orc is almost dead.
The orc hits you with a hand axe. Something hits you but does no damage.
You completely miss something. Your headbutt misses something.
Your horns disappear.
The orc hits you with a hand axe.
* * * LOW HITPOINT WARNING * * *
You completely miss something. Something hits you.
* * * LOW HITPOINT WARNING * * *
You miss something. The orc barely misses you.
Something hits you but does no damage.
You barely miss the orc.
The orc is almost dead.
The orc misses you.
You punch the orc!
You kill the orc!
Something hits you.
You die...

...≈≈≈≈≈≈.........#
..§§§≈≈§≈.........#
§§§§§§≈≈≈.........#
.§§§§≈≈≈≈....######
≈§≈§§≈≈≈≈....#
..≈§≈≈≈≈.....#
....≈≈≈≈.....#
......≈....(.##
......{@......#
.......o...[[.#
+...$...###...#
###..$.## .###
#...# .# #... #...
#...


You could see an orc.

Vanquished Creatures
  A dart slug (D:1)
  3 leopard geckos (D:1)
  4 orcs (D:3)
  3 giant cockroaches
  7 goblins
  3 hobgoblins (D:1)
  2 jackals (D:3)
  6 kobolds
  A ball python (D:2)
  2 bats (D:2)
  2 frilled lizards (D:1)
  A rat (D:1)
35 creatures vanquished.

Notes
Turn   | Place    | Note
-------+----------+-------------------------------------------
     0 | D:1      | kae the Draconian Transmuter began the quest for the Orb.
     0 | D:1      | Reached XP level 1. HP: 16/16 MP: 3/3
   400 | D:1      | Reached XP level 2. HP: 23/23 MP: 3/5
   900 | D:1      | Reached XP level 3. HP: 27/28 MP: 6/6
  1598 | D:3      | Found a shimmering altar of Xom.
  1678 | D:3      | Slain by an orc wizard

Skill      XL: |  1  2 |
---------------+-------+-----
Dodging        | 2 |  2.1
Fighting       | |  1.4
Unarmed Combat | |  3.5
Spellcasting   | |  2.3
Transmutations | |  2.8

Action                   || total
-------------------------++-------
Melee: Unarmed           ||   112
       Tailslap          ||    10
       Headbutt          ||     6
       Kick              ||     6
       Punch             ||     1
 Cast: Beastly Appendage ||    22
  Use: Potion            ||     1
  Eat: Chunk             ||     2
Armor: Skin              ||    26
Dodge: Dodged            ||    62
